 Dungeon Crawl Stone Soup version 0.32-a0-834-geaf45d8e21 (webtiles) character file.

Game seed: 3249368568640820707

224 Griffin23 the Shield-Bearer (level 5, 0/47 HPs)
             Began as a Minotaur Fighter on Mar 25, 2024.
             Slain by an ogre
             ... wielding a +0 giant club
              (13 damage)
             ... on level 4 of the Dungeon.
             The game lasted 00:03:34 (3225 turns).

Griffin23 the Shield-Bearer (Minotaur Fighter)      Turns: 3225, Time: 00:03:35

Health: 0/47       AC: 12    Str: 22    XL:     5   Next: 67%
Magic:  4/4        EV:  5    Int:  5    God:
Gold:   65         SH:  4    Dex: 10    Spells: 4/4 levels left

rFire   . . .        a - +0 long sword
rCold   . . .        c - +0 buckler
rNeg    . . .        j - +0 plate armour
rPois   .            (helmet restricted)
rElec   .            (no cloak)
rCorr   .            (no gloves)
SInv    .            (no boots)
Will    .....        (no amulet) Stlth
                     l - ring of flight
HPRegen 0.27/turn    (no ring)
MPRegen 0.09/turn

%: no passive effects
@: about to teleport, flying
A: horns 2, retaliatory headbutt
a: no special abilities


You were on level 4 of the Dungeon.
You visited 1 branch of the dungeon, and saw 4 of its levels.

You collected 145 gold pieces.
You spent 80 gold pieces at shops.

Inventory:

Hand Weapons
 a - a +0 long sword (weapon)
Armour
 b - a +0 scale mail
 c - a +0 buckler (worn)
 j - a +0 plate armour (worn)
Jewellery
 l - a ring of flight (left hand)
Wands
 r - a wand of flame (15)
Scrolls
 e - 3 scrolls of teleportation
 f - 3 scrolls of noise {unknown}
 g - 3 scrolls of poison
 i - a scroll of blinking {unknown}
 m - 3 scrolls of identify {unknown}
 n - a scroll of amnesia {unknown}
 o - 4 scrolls of vulnerability {unknown}
 q - a scroll of immolation {unknown}
Potions
 d - 2 potions of might
 h - a potion of attraction {unknown}
 k - 3 potions of curing
 p - a potion of heal wounds


   Skills:
 + Level 4.7 Fighting
 * Level 4.7 Long Blades
 + Level 4.7 Armour
 + Level 4.8 Shields


You had 4 spell levels left.
You didn't know any spells.
Your spell library contained the following spells:

 Spells                   Type           Power      Damage    Failure   Level
 Lesser Beckoning         Tloc           0%         N/A       100%        2
 Gell's Gravitas          Tloc           0%         N/A       100%        3
 Teleport Other           Tloc           0%         N/A       100%        3


Dungeon Overview and Level Annotations

Branches:
Dungeon (4/15)
 Temple: D:4-7

Altars:

Shops:
D:3 !


Innate Abilities, Weirdness & Mutations

You have a pair of horns on your head.
You reflexively headbutt those who attack you in melee.


Message History

You fly downwards.
There is a stone staircase leading up here.
Found a stone staircase leading down.
No target in view!
r - a wand of flame (15)
Found 6 stones.
No target in view!
No target in view!
A ball python comes into view.
The ball python hisses angrily.
The ball python closely misses you. You block the ball python's attack.
A ball python is nearby!
You slash the ball python!
You kill the ball python!
No target in view!
An ogre comes into view. It is wielding a +0 giant club.
The ogre shouts!
A goblin comes into view. It is wielding a +0 dagger.
There are monsters nearby!
Found a book of the Senses.
The goblin shouts!
You hear a shout!
There are monsters nearby!
The ogre hits you with a +0 giant club!!
There are monsters nearby!
You hit the ogre but do no damage. The ogre hits you with a +0 giant club!
* * * LOW HITPOINT WARNING * * *
You are too injured to fight recklessly!
You slash the ogre!
The ogre is moderately wounded.
You hit the ogre.
You headbutt the ogre, but do no damage.
The ogre is heavily wounded.
The goblin hits you but does no damage. You block the ogre's attack.
An ogre comes into view. It is wielding a +0 giant spiked club.
The goblin hits you but does no damage.
As you read the scroll of teleportation, it crumbles to dust.
You feel strangely unstable.
The ogre shouts!
The ogre hits you with a +0 giant club!
You die...

#..#.##.# ...##
#..#<##.####.#..###...
.#....##........:.....
............O........
.#..#.##.####.#>....
....#.##.####.##.#.# #
.#..#.##.##......#.#.##.
.+...............g......
##.#..###†.....@O....#
#.#......##.##.......#
.......(...##.#.#....
..#...##.#####.......#
....... #.# #.#.....#
#..#.. #.# #.###...# ..
... ... .... #.# ...


You could see 2 ogres and a goblin.

Vanquished Creatures
  An orc priest (D:3)
  An orc wizard (D:3)
  Robin (D:3)
  3 gnolls (D:2)
  5 adders
  A dart slug (D:2)
  2 ribbon worms (D:3)
  An orc (D:3)
  5 bats
  2 giant cockroaches (D:2)
  11 goblins
  9 hobgoblins
  4 jackals
  5 kobolds
  4 quokkas
  11 ball pythons
  3 frilled lizards
  7 rats
76 creatures vanquished.

Notes
Turn   | Place    | Note
-------+----------+-------------------------------------------
     0 | D:1      | Griffin23 the Minotaur Fighter began the quest for the Orb.
     0 | D:1      | Reached XP level 1. HP: 19/19 MP: 0/0
   145 | D:1      | Found a faded altar of an unknown god.
   216 | D:1      | Reached XP level 2. HP: 21/27 MP: 1/1
   938 | D:2      | Reached XP level 3. HP: 30/33 MP: 2/2
  1147 | D:2      | Reached XP level 4. HP: 38/40 MP: 3/3
  2288 | D:3      | Reached XP level 5. HP: 30/47 MP: 4/4
  2520 | D:3      | Found Riudaag's Distillery.
  2528 | D:3      | Bought a potion of heal wounds for 50 gold pieces
  2528 | D:3      | Bought a potion of curing for 30 gold pieces
  2761 | D:3      | Noticed Robin
  2793 | D:3      | Killed Robin
  3218 | D:4      | Noticed an ogre
  3224 | D:4      | Noticed an ogre
  3225 | D:4      | Slain by an ogre

Illustrated notes

Levels and vault maps discovered:
D:1:      scummos_arrival_hexagon, layout_loops_ring,
          ebering_ecumenical_altar_ruins
D:2:      layout_basic, kennysheep_generic_room_15
D:3:      wad_lake_hut, layout_basic, serial_shops, shop, nrook_campfire,
          serial_park_tiny_2, uniq_robin
D:4:      layout_basic, kb_xom_exploding_sheep, kennysheep_flooded_box,
          uniq_crazy_yiuf_cottage

Skill      XL: |  1  2  3  4 |
---------------+-------------+-----
Long Blades    | 3 4 |  4.7
Shields        | 4 |  4.8
Fighting       | 4 |  4.7
Armour         | 4 |  4.7

Action                     |  1- 3 |  4- 6 || total
---------------------------+-------+-------++-------
  Melee: Long sword        |    77 |   116 ||   193
         Headbutt          |    13 |    20 ||    33
    Use: Scroll            |       |     3 ||     3
 Armour: Scale mail        |    79 |       ||    79
         Plate armour      |       |   135 ||   135
  Dodge: Dodged            |    37 |    26 ||    63
  Block: Buckler           |    21 |    32 ||    53

Table legend: (Time is in decaauts)
 A = Elapsed time spent in this place.
 B = Non-inter-level travel time spent in this place.
 C = Inter-level travel time spent in this place.
 D = Time resting spent in this place.
 E = Time spent auto-exploring this place.
 F = Levels seen in this place.
 G = Mean time per level.
                   A        B        C        D        E       F      G
               +--------+--------+--------+--------+--------+-----+--------+
         Total |   3271 |   3159 |    112 |    236 |   2448 |   4 |  817.8 |
       Dungeon |   3271 |   3159 |    112 |    236 |   2448 |   4 |  817.8 |
               +--------+--------+--------+--------+--------+-----+--------+

Top non-repeatable levels by time:
     D:3: 1411 daAuts
     D:1: 927 daAuts
     D:2: 906 daAuts
     D:4: 25 daAuts
